 Dungeon Crawl Stone Soup version 0.18-a0-990-g74cdb39 (webtiles) character file.

184 OsirisCrusoe the Vandal (level 5, 0/30 HPs)
             Began as a Gargoyle Warper on Jan 3, 2016.
             Slain by a gnoll
             ... wielding a +0 flail
              (3 damage)
             ... on level 2 of the Dungeon.
             The game lasted 00:06:38 (2387 turns).

OsirisCrusoe the Vandal (Gargoyle Warper)           Turns: 2387, Time: 00:06:38

Health: 0/30       AC:  7    Str: 16    XL:     5   Next: 63%
Magic:  8/8        EV: 11    Int: 13    God:
Gold:   83         SH:  0    Dex:  9    Spells: 3 memorised, 2 levels left

rFire  . . .     SeeInvis .     b - +0 hunting sling
rCold  . . .     Gourm    .     g - +0 leather armour
rNeg   + . .     Faith    .     (no shield)
rPois  ∞         Spirit   .     (no helmet)
rElec  +         Dismiss  .     (no cloak)
rCorr  .         Reflect  .     (no gloves)
SustAt .         Harm     .     (no boots)
MR     .....                    (no amulet)
Stlth  +.........               o - ring of wizardry
                                k - ring of poison resistance

@: not resistant to hostile enchantments, very unstealthy
A: negative energy resistance 1, electricity resistance, unbreathing,
petrification resistance, rot immunity, AC +4
a: no special abilities


You were on level 2 of the Dungeon.
You were not hungry.

You visited 1 branch of the dungeon, and saw 3 of its levels.

You collected 83 gold pieces.

Inventory:

Hand Weapons
 a - a +0 mace
 b - a +0 hunting sling (weapon)
Missiles
 e - a tomahawk of dispersal (quivered)
 h - 31 stones
Armour
 g - a +0 leather armour (worn)
Jewellery
 k - a ring of poison resistance (left hand)
 o - a ring of wizardry (right hand)
Scrolls
 d - 2 scrolls of blinking
 i - a scroll of immolation {unknown}
 j - a scroll of recharging
 m - 2 scrolls of amnesia
Potions
 n - 2 potions of heal wounds
 p - 2 potions of cure mutation {unknown}
 q - a potion of invisibility
Books
 c - a book of Spatial Translocations

   Spells                             Type                      Level
   a - Apportation                    Translocation                1
   b - Blink                          Translocation                2
   c - Shroud of Golubria             Charms/Translocation         2
   d - Portal Projectile              Translocation                3
   e - Teleport Other                 Translocation                3
   f - Passage of Golubria            Translocation                4
Comestibles
 f - a bread ration
 s - a beef jerky


   Skills:
 - Level 2.1 Fighting
 - Level 3.0 Maces & Flails
 * Level 4.2 Slings
 - Level 0.8(2.7) Throwing
 - Level 1.1 Armour
 - Level 1.5 Dodging
 - Level 2.0 Spellcasting
 - Level 2.6 Translocations


You had 2 spell levels left.
You knew the following spells:

 Your Spells              Type           Power        Failure   Level  Hunger
a - Apportation           Tloc           #.........   4%          1    ##.....
b - Blink                 Tloc           N/A          7%          2    ###....
c - Teleport Other        Tloc           #.......     14%         3    ####...


Dungeon Overview and Level Annotations

Branches:
Dungeon (3/15)

Altars:


Innate Abilities, Weirdness & Mutations

You are resistant to torment.
Your stone body is resilient (AC +4).
You are immune to poison.
You resist negative energy.
You are resistant to electric shocks.
You can survive without breathing.
You are immune to petrification.
You are immune to rotting.


Message History

Throwing (i - inventory. (,) - cycle):
e - 4 tomahawks of dispersal (quivered)
Press: ? - help, Shift-Dir - straight line, f/p - gnoll
Aim: a gnoll, wielding a flail (heavily wounded)
You throw a tomahawk of dispersal.
The tomahawk of dispersal barely misses the gnoll.
The gnoll hits you with a flail.
* * * LOW HITPOINT WARNING * * *
Throwing (i - inventory. (,) - cycle):
e - 3 tomahawks of dispersal (quivered)
Press: ? - help, Shift-Dir - straight line, f/p - gnoll
Aim: a gnoll, wielding a flail (heavily wounded)
You throw a tomahawk of dispersal.
The tomahawk of dispersal hits the gnoll but does no damage.
The gnoll is heavily wounded.
Throwing (i - inventory. (,) - cycle):
e - 2 tomahawks of dispersal (quivered)
Press: ? - help, Shift-Dir - straight line, f/p - gnoll
Aim: a gnoll, wielding a flail (heavily wounded)
You throw a tomahawk of dispersal.
The tomahawk of dispersal closely misses the gnoll.
The gnoll hits you with a flail.
You die...

# #........###+#.....#
# #...†....#.........#
# ##...#####.........#
# #........#.........#
#
####........#.....†...#
#
#...........#.......#.#
#
#...........#.......#.#
#
#...........#.......+.#
#
#.........@.#.......###
# #........g..#.......#
# #...........'.#..####
# ####........#.##.#
##########.##.# #....#
######


You could see a gnoll.

Vanquished Creatures
  A giant frog (D:3)
  3 gnolls
  2 adders (D:2)
  An ooze (D:1)
  A worm (D:2)
  A giant gecko (D:2)
  4 orcs (D:3)
  3 giant cockroaches
  4 hobgoblins
  4 jackals
  6 kobolds
  3 ball pythons
  8 bats
  5 giant newts
  6 goblins
  8 rats
60 creatures vanquished.

Notes
Turn   | Place    | Note
--------------------------------------------------------------
     0 | D:1      | OsirisCrusoe the Gargoyle Warper began the quest for the Orb.
     0 | D:1      | Reached XP level 1. HP: 12/12 MP: 3/3
     1 | D:1      | Noticed an electric eel
    59 | D:1      | Reached XP level 2. HP: 8/17 MP: 5/5
   152 | D:1      | Reached skill level 3 in Maces & Flails
   617 | D:1      | Reached skill level 1 in Slings
   670 | D:1      | Reached XP level 3. HP: 21/21 MP: 6/6
   886 | D:1      | Learned a level 2 spell: Blink
   890 | D:1      | Learned a level 3 spell: Teleport Other
  1453 | D:2      | Reached XP level 4. HP: 22/26 MP: 7/7
  1858 | D:3      | Noticed a giant frog
  1873 | D:3      | Killed a giant frog
  1873 | D:3      | Reached XP level 5. HP: 18/30 MP: 8/8
  1889 | D:3      | Noticed a phantom
  2275 | D:2      | Reached skill level 4 in Slings
  2387 | D:2      | Slain by a gnoll

Vault maps used:
D:1:      arrival_aquarium_a, st_stairs_8
D:3:      uniq_sigmund

Action                   |  1- 3 |  4- 6 || total
-------------------------+-------+-------++-------
Melee: Mace              |    30 |       ||    30
 Fire: Hunting sling     |   154 |   104 ||   258
Throw: Tomahawk          |       |    19 ||    19
  Use: Scroll            |     5 |       ||     5
  Eat: Chunk             |     2 |     2 ||     4
